 Dungeon Crawl Stone Soup version 0.16.1-18-g436b03c (webtiles) character file.

14430 Szeth the Basher (level 11, -6/90 HPs)
             Began as a Mummy Chaos Knight on May 14, 2015.
             Mangled by a komodo dragon (16 damage)
             ... on level 4 of the Lair of Beasts.
             The game lasted 00:52:45 (18289 turns).

Szeth the Basher (Mummy Chaos Knight)              Turns: 18289, Time: 00:52:45

Health: -6/90      AC: 24    Str: 16    XL:     11   Next: 88%
Magic:  11/11      EV:  7    Int: 19    God:    Xom [...*..]
Gold:   1435       SH:  0    Dex: 12    Spells: 0 memorised, 10 levels left

rFire  x . .     SeeInvis +     R - +4 flail (freeze)
rCold  + + +     Clarity  +     n - +4 chain mail of Joomot {rC+ Int+4}
rNeg   + + +     SustAb   .     (no shield)
rPois  ∞         Gourm    .     a - +1 helmet {SInv}
rElec  .         Spirit   .     K - +1 cloak {rC+}
rCorr  .         Warding  .     P - +0 pair of gloves
rMut   .         Stasis   .     l - +1 pair of boots
MR     +....                    f - amulet of clarity {Clar, !d}
Stlth  ..........               (no ring)
                                h - +3 ring of intelligence

@: somewhat resistant to hostile enchantments, extremely unstealthy
A: no food or potions, fire vulnerability, restore body, cold resistance 1,
negative energy resistance 3, poison resistance, torment resistance, unbreathing
a: Renounce Religion


You were on level 4 of the Lair of Beasts.
You worshipped Xom.
You were a favourite toy of Xom.
You were not hungry.

You visited 2 branches of the dungeon, and saw 14 of its levels.
You also visited: Ossuary and Ice Cave.

You collected 1736 gold pieces.
You spent 301 gold pieces at shops.

Inventory:

Hand weapons
 o - a +0 hunting sling
   (You took it off a goblin on level 3 of the Dungeon)
 s - a cursed +2 long sword of distortion
   (You found it on level 4 of the Dungeon)
 y - a +0 morningstar
   (You found it on level 2 of the Lair of Beasts)
 L - a +1 flail of protection
   (You took it off a wight on level 6 of the Dungeon)
 R - a +4 flail of freezing (weapon)
   (You took it off an orc on level 8 of the Dungeon)
 S - a -3 executioner's axe
   (You found it on level 8 of the Dungeon)
 T - a -1 long sword of protection
   (You found it on level 8 of the Dungeon)
Missiles
 c - a javelin
 p - 17 stones (quivered)
 B - a throwing net {=f, !d}
 W - 11 poisoned needles
Armour
 a - a +1 helmet of see invisible (worn)
   (You found it on level 9 of the Dungeon)
 l - a +1 pair of boots (worn)
   (You found it on level 2 of the Dungeon)
 n - the +4 chain mail of Joomot (worn) {rC+ Int+4}
   (Xom gifted it to you on level 3 of the Dungeon)

   It affects your intelligence (+4).
   It protects you from cold.
 K - a +1 cloak of cold resistance (worn)
   (You found it in an ice cave)
 P - a +0 pair of gloves (worn)
   (You found it on level 7 of the Dungeon)
Rods
 Z - a cursed -1 rod of clouds (12/12) {!a}
   (Xom gifted it to you on level 9 of the Dungeon)
Jewellery
 f - an amulet of clarity (around neck) {Clar, !d}
   (You found it on level 1 of the Dungeon)
 g - a cursed amulet of faith {Faith, !P}
   (You found it on level 1 of the Dungeon)
 h - a +3 ring of intelligence (left hand)
   (You found it on level 1 of the Dungeon)
 i - an uncursed ring of magical power {MP+9}
   (You found it on level 5 of the Dungeon)
Magical devices
 b - a wand of cold (0)
   (You found it on level 3 of the Lair of Beasts)
 v - a wand of draining (0)
   (Xom gifted it to you on level 4 of the Dungeon)
 z - a wand of confusion (0)
   (You took it off a goblin on level 5 of the Dungeon)
 A - a wand of frost (20)
   (You found it on level 5 of the Dungeon)
 F - a wand of digging (1)
   (You found it on level 3 of the Lair of Beasts)
 G - a wand of paralysis (0)
   (You found it on level 6 of the Dungeon)
 M - a wand of slowing (9)
   (You took it off a gnoll on level 6 of the Dungeon)
 N - a wand of lightning (3)
   (You found it on level 7 of the Dungeon)
 O - a wand of polymorph (18)
   (You found it on level 7 of the Dungeon)
 Q - a wand of disintegration (0)
   (You found it on level 7 of the Dungeon)
 U - a wand of magic darts (29)
   (You found it on level 3 of the Lair of Beasts)
 V - a wand of frost (20)
   (You took it off a goblin on level 9 of the Dungeon)
 X - a wand of lightning (0)
   (You found it on level 9 of the Dungeon)
Scrolls
 e - a scroll of noise {!r}
 k - 8 scrolls of remove curse
 m - 2 scrolls of enchant armour
 x - a scroll of fog
 C - a scroll of random uselessness
 H - 3 scrolls of identify
 I - a scroll of enchant weapon
 J - a scroll of holy word {!r!r}
Books
 t - a book of Flames
   (Xom gifted it to you on level 4 of the Dungeon)
 u - Xom's Tome of the Boar
   (Xom gifted it to you on level 4 of the Dungeon)

   Spells                             Type                      Level
   a - Shock                          Conjuration/Air              1
   b - Searing Ray                    Conjuration                  2
   c - Bolt of Draining               Conjuration/Necromancy       5
Miscellaneous
 d - a crystal ball of energy
   (You found it on level 2 of the Lair of Beasts)
 w - a lamp of fire (inert)
   (Xom gifted it to you on level 4 of the Dungeon)
 D - a crystal ball of energy
   (You found it in an ossuary)


   Skills:
 - Level 9.9 Fighting
 + Level 10.8 Maces & Flails
 + Level 9.8 Armour
 - Level 0.7 Dodging


You had 10 spell levels left.
You didn't know any spells.

Dungeon Overview and Level Annotations

Branches:
Dungeon (10/15) Temple (0/1) D:4 D:6 Lair (4/8) D:10 Swamp: Lair:3-6 Shoals: Lair:3-6 Snake: Lair:3-6 Spider: Lair:3-6 Orc: D:9-12

Altars:
Cheibriados
Dithmenos
Elyvilon
Gozag
Kikubaaqudgha
Nemelex Xobeh
Okawaru
Qazlal
Ru
Sif Muna
Trog
Vehumet
Xom
Zin

Shops:
D:6 ?   D:8 =

Annotations:
D:4 exclusion: statue
D:5 jazmu's ghost, experienced OpWz
D:9 Uberwunderbarhen's ghost, experienced DsGl


Innate Abilities, Weirdness & Mutations

You do not eat or drink.
Your flesh is vulnerable to fire.
Your flesh is cold resistant.
You are immune to negative energy.
Your system is resistant to poisons.
You are immune to unholy pain and torment.
You can survive without breathing.


Message History

You hit the death yak. You freeze the death yak.
The death yak gores you but does no damage.
You hit the death yak but do no damage. The death yak closely misses you.
You catch the helpless death yak completely off-guard!
You hit the death yak. You freeze the death yak.
Xom's attention turns to you for a moment.
You feel off-balance for a moment.
You are now a favourite toy of Xom.
You sock the death yak! You freeze the death yak.
The death yak gores you but does no damage.
You hit the death yak but do no damage. The death yak closely misses you.
You hit the death yak. You freeze the death yak. The death yak gores you!
You take 17 damage, and have 67/90 hp.
Unknown command.
You thump the death yak! You freeze the death yak. You hit the death yak.
You freeze the death yak. The death yak gores you!
You take 10 damage, and have 57/90 hp.
Unknown command.
You catch the helpless death yak completely off-guard!
You hit the death yak. You freeze the death yak.
The death yak gores you but does no damage.
Unknown command.
You completely miss the death yak. The death yak barely misses you.
You sock the death yak! You freeze the death yak!
You kill the death yak!
Unknown command.
You start resting.
You flicker for a moment.
You regained 19 hp, and now have 77/90 hp.
You start resting.
You flicker back into view.
You regained 2 hp, and now have 79/90 hp.
There is a stone staircase leading down here.
Unknown command.
You start resting.
Health restored: 90 Unknown command.
You see here a javelin.
c - a javelin
There is a stone staircase leading down here.
There is a stone staircase leading down here.
There is a stone staircase leading down here.
Unknown command.
You climb downwards.
There is a stone staircase leading up here.
Unknown command.
You see here a fruit.
You see here a fruit.
You see here a fruit.
Found a stone staircase leading down.
There is a stone staircase leading down here.
You open the door.
There is an open door here.
You found a teleport trap!
You open the door.
There is an open door here.
Found a stone staircase leading down.
No target in view!
Your magical contamination has completely faded away.
No target in view!
No target in view!
A komodo dragon comes into view.
The komodo dragon hisses angrily.
The komodo dragon bites you.
You take 5 damage, and have 85/90 hp.
A komodo dragon is nearby!
You hit the komodo dragon but do no damage.
The komodo dragon bites you!
You take 12 damage, and have 73/90 hp.
You hit the komodo dragon. You freeze the komodo dragon.
The komodo dragon bites you!
You emit a cloud of colourful smoke!
You take 7 damage, and have 66/90 hp.
You hit the komodo dragon. You freeze the komodo dragon.
The komodo dragon bites you!!
You take 20 damage, and have 46/90 hp.
MASSIVE DAMAGE!!
You closely miss the komodo dragon. The komodo dragon barely misses you.
You barely miss the komodo dragon. The komodo dragon bites you!
You take 14 damage, and have 33/90 hp.
Unknown command.
You barely miss the komodo dragon.
The komodo dragon bites you but does no damage.
Unknown command.
You hit the komodo dragon. You freeze the komodo dragon.
Xom grants you insight.
You detect items!
The komodo dragon bites you!
* * * LOW HITPOINT WARNING * * *
You take 14 damage, and have 19/90 hp.
You barely miss the komodo dragon. The komodo dragon bites you!
* * * LOW HITPOINT WARNING * * *
You take 10 damage, and have 9/90 hp.
Aim: a komodo dragon (magical condensation, moderately wounded)
The bolt of cold hits the komodo dragon.
Evoking this partially-identified wand wasted a few charges.
Aim: a komodo dragon (magical condensation, severely wounded, chance 34%)
The komodo dragon easily resists.
Evoking this partially-identified wand wasted a few charges.
The komodo dragon bites you!
You die...

.. ... ..... ...... .
#...... . ##.......
###.# ##§.....# ##.#..
#.l####.#.## #.##...
##.§@........ #
#.#..#####...........#
##
#.......###..........
.#
##......###.......)..
.#
#P.......##....!.....
.####......#.#.........
.......................
P.##.......#P.........
##.##......##P##P##.P.


You could see a komodo dragon.

Vanquished Creatures
  A death yak (Lair:3)
  2 ice statues (IceCv)
  A griffon (Lair:3)
  2 black mambas (Lair:3)
  5 spiny frogs
  2 komodo dragons
  A queen ant (Lair:3)
  8 yaks
  A wyvern (D:9)
  A hippogriff (Lair:3)
  A hungry ghost (D:4)
  3 water moccasins
  5 soldier ants (Lair:3)
  A naga (shapeshifter) (D:8)
  2 wargs (D:9)
  3 orc warriors
  A porcupine (Lair:3)
  An eye of draining (D:9)
  A sky beast (D:8)
  A phantom (D:9)
  A black bear (D:8)
  14 ice beasts (IceCv)
  5 crocodiles
  An ogre (D:4)
  Sigmund (D:3)
  A big kobold (D:5)
  3 elf zombies (Ossuary)
  4 centaurs
  A gnoll sergeant (D:5)
  7 giant frogs
  8 killer bees
  9 scorpions
  3 wights (D:6)
  3 crimson imps
  An electric eel (Lair:2)
  2 goliath beetles (D:8)
  8 orc priests
  A giant frog zombie (D:6)
  A jelly (D:7)
  2 centaur zombies
  A human zombie (Ossuary)
  29 worker ants
  A giant frog skeleton (D:4)
  7 hounds
  9 orc wizards
  Natasha (thrice) (D:4)
  5 iguanas
  7 sheep (Lair:3)
  A big kobold zombie (Ossuary)
  A hound zombie (D:8)
  3 mummies
  20 adders
  8 gnolls
  A worm zombie (D:6)
  4 giant mites
  A shadow imp (D:6)
  15 white imps
  33 river rats
  5 worms
  7 ufetubi (IceCv)
  2 adder zombies (Ossuary)
  3 adder skeletons
  6 giant geckos
  4 oozes
  50 orcs
  2 ball pythons
  2 bat skeletons
  2 bat zombies
  3 giant cockroaches
  24 goblins
  14 hobgoblins
  15 jackals
  11 quokkas
  22 bats
  7 giant newts
  2 giant spores (D:9)
  8 hobgoblin zombies (Ossuary)
  22 kobolds
  6 kobold zombies (Ossuary)
  10 orc zombies (Ossuary)
  A quokka skeleton (D:4)
  12 rats
  2 rat zombies (Ossuary)
  7 ballistomycetes (D:9)
517 creatures vanquished.

Vanquished Creatures (collateral kills)
  2 yaks (Lair:2)
  A water moccasin (Lair:2)
  An ufetubus (IceCv)
  An orc (D:5)
  A hobgoblin (D:4)
  A kobold (D:4)
  2 rats
  A fungus (D:8)
10 creatures vanquished.

Vanquished Creatures (others)
  2 yaks (Lair:2)
  A hippogriff (Lair:1)
  A porcupine (Lair:1)
  A quasit (Lair:3)
  2 shadow imps
  4 white imps
  6 ufetubi
  A goblin (D:6)
  A jackal (D:3)
  2 quokkas
  A plant (D:10)
22 creatures vanquished.

Grand Total: 549 creatures vanquished

Notes
Turn   | Place    | Note
--------------------------------------------------------------
     0 | D:1      | Szeth, the Mummy Chaos Knight, began the quest for the Orb.
     0 | D:1      | Reached XP level 1. HP: 18/18 MP: 1/1
   383 | D:1      | Reached XP level 2. HP: 24/24 MP: 2/2
   407 | D:1      | Reached skill level 3 in Maces & Flails
   514 | D:1      | XOM: harmless Fire miscast
   947 | D:1      | XOM: butterfly on damage
   974 | D:1      | XOM: enchant monster (good)
   977 | D:1      | Reached XP level 3. HP: 10/29 MP: 3/3
  1488 | D:2      | Noticed a moth of wrath
  1490 | D:2      | Found a bloodstained altar of Trog.
  1557 | D:2      | XOM: summons friendly shadow imp
  1597 | D:2      | XOM: noise
  1720 | D:2      | XOM: confuse monster(s)
  1721 | D:2      | XOM: harmless Tloc miscast
  1741 | D:2      | XOM: potion effect (agility)
  1745 | D:2      | XOM: potion effect (invisibility)
  1791 | D:2      | Reached skill level 4 in Maces & Flails
  1842 | D:2      | Reached XP level 4. HP: 33/35 MP: 4/4
  1944 | D:2      | XOM: confuse monster(s)
  2078 | D:2      | Found an iron altar of Okawaru.
  2085 | D:2      | Found a bloodstained altar of Trog.
  2088 | D:2      | Found a deep blue altar of Sif Muna.
  2138 | D:2      | XOM: scenery: create altars
  2229 | D:2      | XOM: silly message
  2467 | D:3      | XOM: mild Divn miscast
  2579 | D:3      | XOM: harmless Tloc miscast
  2585 | D:3      | HP: 7/35 [worm (6)]
  2795 | D:3      | XOM: potion effect (curing)
  2889 | D:3      | Reached XP level 5. HP: 41/41 MP: 5/5
  2905 | D:3      | XOM: butterfly on damage
  2921 | D:3      | XOM: swap monsters
  2961 | D:3      | Found a white marble altar of Elyvilon.
  2990 | D:3      | Noticed Sigmund
  3002 | D:3      | XOM: swap monsters
  3125 | D:3      | Reached skill level 5 in Maces & Flails
  3154 | D:3      | XOM: god gift: blackened chain mail {god gift}
  3237 | D:3      | Got a blackened chain mail {god gift}
  3248 | D:3      | Identified the +4 chain mail of Joomot {rC+ Int+4} (Xom gifted it to you on level 3 of the Dungeon)
  3541 | D:3      | Found a glowing silver altar of Zin.
  3593 | D:3      | Found a shadowy altar of Dithmenos.
  3611 | D:3      | XOM: polymorph something unseen -> rat
  3664 | D:3      | XOM: polymorph orc -> giant cockroach
  3670 | D:3      | XOM: potion effect (brilliance)
  3693 | D:3      | Killed Sigmund
  3693 | D:3      | Reached XP level 6. HP: 28/47 MP: 6/6
  3777 | D:3      | XOM: god gift: plate armour {god gift}
  3801 | D:3      | Found an ancient bone altar of Kikubaaqudgha.
  3803 | D:3      | Found a sacrificial altar of Ru.
  3809 | D:3      | Found a stormy altar of Qazlal.
  3813 | D:3      | Found a sparkling altar of Nemelex Xobeh.
  3816 | D:3      | Found an opulent altar of Gozag.
  3965 | D:4      | Noticed an ogre
  3966 | D:4      | XOM: divination: detect creatures
  3967 | D:4      | XOM: fog
  3975 | D:4      | XOM: vitrification
  3980 | D:4      | Killed an ogre
  3980 | D:4      | Reached skill level 6 in Maces & Flails
  4141 | D:4      | Found a radiant altar of Vehumet.
  4167 | D:4      | XOM: god gift: 980 gold pieces
  4202 | D:4      | XOM: enchant monster (good)
  4269 | D:4      | XOM: god gift: ring mail {god gift}
  4273 | D:4      | Noticed Natasha
  4289 | D:4      | Killed Natasha
  4369 | D:4      | XOM: god gift: thick leatherbound book {god gift}
  4381 | D:4      | Found a staircase to the Ecumenical Temple.
  4388 | D:4      | Noticed a hungry ghost
  4394 | D:4      | XOM: fog
  4405 | D:4      | XOM: enchant monster (good)
  4412 | D:4      | Killed a hungry ghost
  4412 | D:4      | Reached skill level 7 in Maces & Flails
  4412 | D:4      | Reached XP level 7. HP: 46/52 MP: 7/7
  4422 | D:4      | XOM: god gift: glistering book {god gift}
  4423 | D:4      | Identified Xom's Tome of the Boar (Xom gifted it to you on level 4 of the Dungeon)
  4484 | D:4      | XOM: god gift: short glass wand {god gift}
  4532 | D:4      | Noticed Natasha
  4547 | D:4      | XOM: smoke on damage
  4551 | D:4      | Killed Natasha
  4628 | D:4      | XOM: 2-stop teleportation journey
  4631 | D:4      | Noticed Natasha
  4639 | D:4      | XOM: god gift: quarterstaff {god gift}
  4641 | D:4      | Killed Natasha
  4756 | D:4      | XOM: god gift: lamp of fire
  4810 | D:4      | XOM: colour smoke trail
  4901 | D:4      | XOM: noise
  4909 | D:4      | XOM: summons 2 hostile shadow creatures
  5117 | D:5      | Entered Level 5 of the Dungeon
  5133 | D:5      | XOM: confusion (+ monsters)
  5360 | D:5      | XOM: 1-stop teleportation journey
  5370 | D:5      | XOM: 3-stop teleportation journey
  5390 | D:5      | Reached skill level 8 in Maces & Flails
  5622 | D:5      | XOM: chaos cloud
  5633 | D:5      | Reached XP level 8. HP: 46/58 MP: 8/8
  5647 | D:5      | Noticed jazmu's ghost (experienced OpWz)
  5651 | D:5      | XOM: mild Conj miscast
  5666 | D:5      | XOM: 1-stop teleportation journey
  5882 | D:5      | XOM: polymorph kobold -> quokka
  5884 | D:5      | XOM: enchant monster (good)
  5890 | D:5      | XOM: snakes to sticks
  5945 | D:5      | XOM: cast spell 'Ring of Flames'
  6024 | D:5      | XOM: mild Necr miscast
  6072 | D:6      | Found a staircase to the Ecumenical Temple.
  6111 | D:6      | Found a sand-covered staircase.
  6142 | D:6      | XOM: scenery: 1 doors open
  6148 | Ossuary  | Entered an ossuary
  6208 | Ossuary  | XOM: divination: magic mapping
  6266 | Ossuary  | XOM: god gift: 22 gold pieces
  6268 | Ossuary  | XOM: enchant monster (good)
  6330 | Ossuary  | XOM: noise
  6337 | Ossuary  | XOM: enchant monster (good)
  6340 | Ossuary  | Reached skill level 2 in Armour
  6378 | Ossuary  | XOM: blink monster(s)
  6406 | Ossuary  | XOM: enchant monster (bad)
  6418 | Ossuary  | XOM: potion effect (heal wounds)
  6570 | Ossuary  | XOM: confuse monster(s)
  6571 | Ossuary  | Reached skill level 4 in Fighting
  6741 | D:6      | Reached skill level 3 in Armour
  6779 | D:6      | XOM: colour smoke trail
  6837 | D:6      | Found Izxatzuss' Magic Scroll Shop.
  6846 | D:6      | XOM: cast spell 'Summon Small Mammal'
  6911 | D:6      | XOM: silly message
  6947 | D:6      | Bought a scroll of identify for 22 gold pieces
  6947 | D:6      | Bought a scroll of remove curse for 33 gold pieces
  6947 | D:6      | Bought a scroll of enchant weapon for 82 gold pieces
  6947 | D:6      | Bought a scroll of holy word for 82 gold pieces
  6947 | D:6      | Bought a scroll of blinking for 82 gold pieces
  6998 | D:6      | XOM: enchant monster (bad)
  7224 | D:6      | Reached skill level 5 in Fighting
  7449 | D:6      | Found a snail-covered altar of Cheibriados.
  7616 | D:7      | XOM: divination: magic mapping
  7674 | D:7      | Found a shadowy altar of Dithmenos.
  7747 | D:7      | XOM: blink monster(s)
  7768 | D:7      | Reached skill level 4 in Armour
  7903 | D:7      | Reached XP level 9. HP: 61/68 MP: 9/9
  8001 | D:7      | XOM: chaos upgrade
  8002 | D:7      | XOM: mild Tloc miscast
  8224 | D:7      | XOM: summons 2 hostile shadow creatures
  8400 | D:8      | XOM: noise
  8409 | D:8      | Reached skill level 6 in Fighting
  8523 | D:8      | XOM: chaos cloud
  8527 | D:8      | XOM: 4-stop teleportation journey
  8541 | D:8      | XOM: 2-stop teleportation journey
  8626 | D:8      | XOM: blink monster(s)
  8800 | D:8      | Noticed a guardian serpent
  8800 | D:8      | a yak changed into a guardian serpent
  8800 | D:8      | XOM: polymorph yak -> guardian serpent
  8912 | D:8      | Reached skill level 5 in Armour
  9011 | D:8      | Found Piphac's Jewellery Boutique.
  9060 | D:8      | XOM: colour smoke trail
  9146 | D:8      | Reached skill level 7 in Fighting
  9206 | D:8      | XOM: summons friendly white imp
  9248 | D:8      | XOM: silly message
  9267 | D:8      | XOM: scenery: create altars
  9278 | D:8      | XOM: harmless Summ miscast
  9358 | D:8      | Reached skill level 6 in Armour
  9457 | D:8      | XOM: harmless Erth miscast
  9546 | D:9      | XOM: enchant monster (good)
  9554 | D:9      | Reached skill level 8 in Fighting
  9561 | D:9      | XOM: confuse monster(s)
  9708 | D:8      | XOM: silly message
  9813 | D:9      | Noticed Uberwunderbarhen's ghost (experienced DsGl)
  9821 | D:9      | XOM: cast spell 'Confusing Touch'
  9852 | D:8      | XOM: divination: detect creatures
  9882 | D:9      | Reached XP level 10. HP: 70/80 MP: 10/10
  9887 | D:9      | XOM: mild Necr miscast
  9904 | D:8      | XOM: colour smoke trail
  9973 | D:9      | XOM: scenery: 2 doors open, 1 doors close
 10205 | D:9      | XOM: mild Hex miscast
 10351 | D:9      | XOM: potion effect (heal wounds)
 10619 | D:9      | XOM: god gift: twisted jewelled rod {god gift}
 10637 | D:9      | Identified a -1 rod of clouds (12/12) (Xom gifted it to you on level 9 of the Dungeon)
 10718 | D:9      | XOM: silly message
 10721 | D:9      | XOM: cast spell 'Metabolic Englaciation'
 10725 | D:9      | XOM: silly message
 10738 | D:9      | Reached skill level 7 in Armour
 10738 | D:9      | XOM: divination: detect items
 10893 | D:9      | XOM: god gift: 11 royal jellies
 11020 | D:9      | XOM: cast spell 'Discord'
 11037 | D:10     | Entered Level 10 of the Dungeon
 11081 | D:10     | Reached skill level 9 in Fighting
 11117 | D:10     | Found a staircase to the Lair.
 11133 | D:10     | XOM: confuse monster(s)
 11157 | D:10     | XOM: harmless Ice miscast
 11158 | D:10     | XOM: divination: detect items
 11169 | Lair:1   | Entered Level 1 of the Lair of Beasts
 11218 | Lair:1   | Found a frozen archway.
 11229 | IceCv    | Entered an ice cave
 11468 | IceCv    | Noticed an ice statue
 11468 | IceCv    | Noticed an ice statue
 11479 | IceCv    | XOM: potion effect (agility)
 11486 | IceCv    | XOM: cast spell 'Excruciating Wounds'
 11495 | IceCv    | XOM: divination: detect items
 11498 | IceCv    | XOM: cast spell 'Summon Small Mammal'
 11508 | IceCv    | XOM: harmless Summ miscast
 11533 | IceCv    | XOM: enchant monster (good)
 11717 | IceCv    | XOM: enchant monster (bad)
 11723 | IceCv    | XOM: potion effect (might)
 11724 | IceCv    | XOM: divination: magic mapping
 11743 | IceCv    | Killed an ice statue
 11941 | IceCv    | XOM: divination: detect items
 11974 | IceCv    | XOM: silly message
 12013 | IceCv    | XOM: colour smoke trail
 12159 | IceCv    | Killed an ice statue
 12159 | IceCv    | Reached skill level 9 in Maces & Flails
 12211 | IceCv    | XOM: god gift: 59 gold pieces
 12226 | IceCv    | XOM: colour smoke trail
 12286 | IceCv    | Noticed an ice devil
 12286 | IceCv    | XOM: summons 2 friendly demons
 12298 | IceCv    | XOM: enchant monster (good)
 12332 | IceCv    | Noticed an ice devil
 12402 | IceCv    | XOM: blink monster(s)
 12415 | IceCv    | XOM: chaos cloud
 12429 | IceCv    | XOM: noise
 12430 | IceCv    | XOM: noise
 12436 | IceCv    | XOM: chaos cloud
 12479 | Lair:1   | XOM: 3-stop teleportation journey
 12519 | Lair:1   | XOM: chaos cloud
 12794 | Lair:1   | XOM: summons friendly ufetubus
 12796 | Lair:1   | XOM: divine lightning
 12823 | Lair:1   | XOM: harmless Chrm miscast
 12825 | Lair:1   | HP: 15/84 [blink frog (12)]
 12839 | Lair:1   | HP: 9/84 [blink frog (9)]
 12842 | Lair:1   | XOM: divination: detect creatures
 12852 | Lair:1   | HP: 11/84 [water moccasin (1)]
 12857 | Lair:1   | XOM: enchant monster (good)
 12875 | Lair:1   | XOM: potion effect (agility)
 12881 | Lair:1   | HP: 13/84 [hound (1)]
 12883 | Lair:1   | XOM: cast spell 'Ring of Flames'
 12886 | Lair:1   | XOM: enchant monster (good)
 13182 | Lair:2   | XOM: confuse monster(s)
 13206 | Lair:2   | HP: 15/84 [spiny frog (13)]
 13606 | Lair:2   | XOM: harmless Hex miscast
 13650 | Lair:2   | XOM: silly message
 13717 | Lair:2   | XOM: confuse monster(s)
 13723 | Lair:2   | Reached skill level 8 in Armour
 13771 | Lair:2   | XOM: medium Chrm miscast
 13853 | Lair:2   | Reached XP level 11. HP: 90/90 MP: 11/11
 13969 | Lair:2   | XOM: enchant monster (good)
 13971 | Lair:2   | XOM: potion effect (heal wounds)
 13984 | Lair:2   | XOM: enchant monster (good)
 13985 | Lair:2   | XOM: enchant monster (good)
 14011 | Lair:2   | XOM: summons friendly shadow imp
 14166 | Lair:2   | XOM: scenery: create altars
 14283 | Lair:2   | XOM: divination: detect creatures
 14288 | Lair:2   | XOM: summons friendly iron imp
 14887 | Lair:3   | XOM: summons friendly ufetubus
 14951 | Lair:3   | XOM: enchant monster (bad)
 14980 | Lair:3   | XOM: 1-stop teleportation journey
 15382 | Lair:3   | Reached skill level 10 in Maces & Flails
 15423 | Lair:3   | HP: 22/90 [queen ant (14)]
 15423 | Lair:3   | XOM: smoke on damage
 15428 | Lair:3   | HP: 15/90 [worker ant (5)]
 15434 | Lair:3   | HP: 15/90 [worker ant (1)]
 15438 | Lair:3   | XOM: enchant monster (good)
 15438 | Lair:3   | XOM: smoke on damage
 15502 | Lair:3   | XOM: colour smoke trail
 15936 | Lair:3   | Reached skill level 9 in Armour
 15943 | Lair:3   | XOM: potion effect (curing)
 16048 | Lair:3   | XOM: colour smoke trail
 16111 | Lair:3   | XOM: harmless Divn miscast
 16453 | Lair:3   | XOM: divination: detect creatures
 16459 | Lair:3   | XOM: summons friendly crimson imp
 16464 | Lair:3   | XOM: potion effect (curing)
 16727 | Lair:3   | XOM: medium Necr miscast
 16783 | Lair:3   | XOM: colour smoke trail
 17135 | Lair:3   | XOM: mild Hex miscast
 17285 | Lair:4   | Noticed a death yak
 17286 | Lair:4   | Noticed a death yak
 17287 | Lair:4   | Noticed a death yak
 17287 | Lair:4   | Noticed a death yak
 17293 | Lair:4   | XOM: harmless Hex miscast
 17296 | Lair:4   | XOM: potion effect (brilliance)
 17311 | Lair:4   | XOM: potion effect (heal wounds)
 17312 | Lair:4   | HP: 18/90 [death yak (18)]
 17313 | Lair:4   | HP: 8/90 [death yak (10)]
 17483 | Lair:3   | XOM: enchant monster (bad)
 17494 | Lair:3   | HP: 16/90 [black mamba (8)]
 17740 | Lair:3   | XOM: summons friendly quasit
 18009 | Lair:4   | XOM: potion effect (invisibility)
 18010 | Lair:3   | XOM: snakes to sticks
 18019 | Lair:3   | XOM: harmless Hex miscast
 18027 | Lair:3   | Killed a death yak
 18280 | Lair:4   | XOM: smoke on damage
 18285 | Lair:4   | XOM: divination: detect items
 18285 | Lair:4   | HP: 19/90 [komodo dragon (14)]
 18286 | Lair:4   | HP: 9/90 [komodo dragon (10)]
 18289 | Lair:4   | Mangled by a komodo dragon

Action                   |  1- 3 |  4- 6 |  7- 9 | 10-12 || total
-------------------------+-------+-------+-------+-------++-------
Melee: Mace              |   131 |   252 |   539 |       ||   922
       Flail             |       |       |   509 |  1144 ||  1653
Throw: Stone             |       |     1 |       |     2 ||     3
Evoke: Wand              |       |       |     5 |    30 ||    35
       Rod               |       |       |       |     3 ||     3
       Lamp of fire      |       |       |       |     2 ||     2
  Use: Scroll            |     1 |     5 |     6 |    16 ||    28
 Stab: Paralysed         |     5 |     9 |    19 |     4 ||    37
       Sleeping          |     4 |       |       |       ||     4
       Invisible         |     1 |       |       |     3 ||     4
       Petrifying        |       |     1 |       |       ||     1
       Confused          |       |       |     3 |     4 ||     7
       Petrified         |       |       |     1 |       ||     1

Vault maps used:
D:1:      lightli_arrival_chessboard, minivault_25, hex_large
D:2:      minitemple, tgw_trog
D:3:      elyvilon_altar_5, zin_scriptorium, minmay_overflow_temple_hex,
          first_bread, uniq_sigmund
D:4:      vehumet_statue, minmay_temple_entry_statues_fountains, uniq_natasha
D:6:      cheibriados_altar_wand_db, temple_pool_a, serial_shops,
          kennysheep_mini, enter_ossuary_3
D:7:      nicolae_dithmenos_the_darkroom
D:8:      old_forge, serial_shops, kennysheep_mini_moat
D:9:      erik_orc_4, grunt_ministairs_9, kennysheep_boxes
D:10:     due_lair_maze_entry_diamond
Lair:1:   portal_ice_cave_entry_imps
Lair:2:   st_stairs_7, serial_bayou_lagoon_b
Lair:3:   minmay_another_anthill, grunt_megastairs_2
Lair:4:   lemuel_fruit_tree
Ossuary:  ossuary_tomb_1
IceCv:    ice_cave_small_demon

Table legend:
 A = Turns spent in this place as a percentage of turns spent in the entire game.
 B = Non-inter-level travel turns spent in this place as a percentage of non-inter-level travel turns spent in the entire game.
 C = Inter-level travel turns spent in this place as a percentage of turns spent in this place.
 D = Turns resting spent in this place as a percentage of non-inter-level travel turns spent in this place.
 E = Turns spent auto-exploring this place as a percentage of non-inter-level travel turns spent in this place.
 F = Non-inter-level travel turns spent in this place divided by the number of levels of this place that you've seen.
                   A       B       C       D       E      F
               +-------+-------+-------+-------+-------+----------------------
         Total | 100.0 | 100.0 |   0.2 |   3.1 |   4.2 | 472.8
       Dungeon |  61.8 |  61.7 |   0.3 |   2.5 |   5.6 | 467.1
          Lair |  23.0 |  23.0 |   0.3 |   5.2 |   3.2 | 434.8
       Ossuary |   6.0 |   6.0 |   0.0 |   0.4 |   0.4 | 453.0
      Ice Cave |   9.3 |   9.3 |   0.0 |   3.4 |   0.1 | 702.0
               +-------+-------+-------+-------+-------+----------------------

Table legend:
 A = Kills in this place as a percentage of kills in entire the game.
 B = Kills by you in this place as a percentage of kills by you in the entire game.
 C = Kills by friends in this place as a percentage of kills by friends in the entire game.
 D = Other kills in this place as a percentage of other kills in the entire game.
 E = Experience gained in this place as a percentage of experience gained in the entire game.
 F = Experience gained in this place divided by the number of levels of this place that you have seen.
                   A       B       C       D       E      F
               +-------+-------+-------+-------+-------+----------------------
         Total | 100.0 | 100.0 | 100.0 | 100.0 | 100.0 | 1288.4
       Dungeon |  63.9 |  64.1 |  55.6 |  50.0 |  34.5 | 711.3
          Lair |  26.2 |  26.0 |  33.3 |  50.0 |  56.3 | 2903.0
       Ossuary |   7.3 |   7.4 |   0.0 |   0.0 |   2.1 | 442.0
      Ice Cave |   2.6 |   2.5 |  11.1 |   0.0 |   7.0 | 1448.0
               +-------+-------+-------+-------+-------+----------------------
